 Dungeon Crawl Stone Soup version 0.32-a0-791-gfc315c9ecd (webtiles) character file.

Game seed: 11021762557815899923

2383 ezpacito the Trooper (level 9, -17/69 HPs)
             Began as a Coglin Chaos Knight on Mar 20, 2024.
             Was a Plaything of Xom.
             Demolished by a white ugly thing (30 damage)
             ... on level 7 of the Dungeon.
             The game lasted 00:07:18 (5227 turns).

ezpacito the Trooper (Coglin Chaos Knight)          Turns: 5227, Time: 00:07:19

Health: -17/69     AC: 14    Str: 15    XL:     9   Next: 45%
Magic:  12/12      EV:  7    Int: 15    God:    Xom [......]
Gold:   260        SH:  0    Dex: 14    Spells: 3/13 levels left

rFire   + . .        a - +2 hand axe (chaos) {Yashnoor}
rCold   . . .        z - staff of fire {Isabel}
rNeg    + . .        g - +0 chain mail {rN+}
rPois   .            u - +0 helmet
rElec   .            s - +1 cloak
rCorr   .            r - +0 pair of gloves
SInv    .            x - +0 pair of boots
Will    .....        (amulet unavailable)
Stlth   +            (ring unavailable)
HPRegen 1.11/turn    (ring unavailable)
MPRegen 0.13/turn    (no gizmo)

%: clarity
@: mighty, revving
A: off-hand wielding, slow wielding, warmup strikes, no jewellery, iridescent
scales 1, camouflage 1, clarity, clever 1, deformed body, regeneration 1, shaggy
fur 1
a: Invent Gizmo, Renounce Religion


You were on level 7 of the Dungeon.
You worshipped Xom.
You were a very special plaything of Xom.
You visited 2 branches of the dungeon, and saw 8 of its levels.

You collected 260 gold pieces.

Inventory:

Hand Weapons
 a - a +2 hand axe of chaos (weapon) {Yashnoor}
 i - a +0 spear {FriĆ°uswiĆ¾}
 w - a +1 war axe
Missiles
 b - 4 boomerangs
 l - 21 poisoned darts (quivered)
 p - a throwing net
 C - 3 darts of dispersal
Armour
 g - a +0 chain mail of positive energy (worn)
 r - a +0 pair of gloves (worn)
 s - a +1 cloak (worn)
 u - a +0 helmet (worn)
 x - a +0 pair of boots (worn)
Magical Staves
 z - a staff of fire (offhand) {Isabel}
Talismans
 m - a flux talisman
 y - a serpent talisman
Wands
 o - a wand of warping (38)
 B - a wand of polymorph (13)
Scrolls
 c - a scroll of blinking {unknown}
 e - a scroll of enchant armour {unknown}
 f - 2 scrolls of noise {unknown}
 h - a scroll of fog {unknown}
 k - 2 scrolls of brand weapon {unknown}
 q - a scroll of vulnerability {unknown}
 t - a scroll of teleportation
Potions
 n - 2 potions of resistance
 v - 4 potions of cancellation
 A - a potion of heal wounds {unknown}


   Skills:
 * Level 5.7 Fighting
 * Level 5.6(6.1) Axes
 + Level 3.1(4.5) Polearms
 * Level 4.6 Armour
 * Level 4.4 Dodging
 + Level 3.0 Stealth
 + Level 2.5 Spellcasting
 + Level 1.1 Conjurations
 + Level 0.8 Fire Magic
 + Level 1.0 Air Magic
 + Level 1.1 Alchemy
 + Level 4.2 Evocations


You had 3 spell levels left.
You knew the following spells:

 Your Spells              Type           Power      Damage    Failure   Level
a - Mercury Vapours       Alch/Air       10%        N/A       94%         2
b - Freezing Cloud        Conj/Ice/Air   2%         6-21      100%        5
x - Mephitic Cloud        Conj/Alch/Air  5%         N/A       99%         3

Your spell library contained the following spells:

 Spells                   Type           Power      Damage    Failure   Level
 Sting                    Conj/Alch      20%        1d4       86%         1
 Ensorcelled Hibernation  Hex/Ice        2%         N/A       99%         2
 Fugue of the Fallen      Necr           1%         N/A       100%        3
 Anguish                  Hex/Necr       0%         N/A       100%        4
 Olgreb's Toxic Radiance  Alch           5%         N/A       100%        4
 Chain Lightning          Conj/Air       2%         3d3       100%        9
 Fire Storm               Conj/Fire      3%         8d1       100%        9
 Shatter                  Erth           0%         3d5*      100%        9


Dungeon Overview and Level Annotations

Branches:
Dungeon (7/15)             Temple (1/1) D:5

Altars:
Ashenzari
Cheibriados
Elyvilon
Fedhas
Gozag
Hepliaklqana
Kikubaaqudgha
Makhleb
Nemelex Xobeh
Okawaru
Ru
Sif Muna
Trog
Uskayaw
Vehumet
Wu Jian
Yredelemnul
Zin
The Shining One


Innate Abilities, Weirdness & Mutations

You can wield a second weapon in your off-hand.
It takes a long time for you to wield or remove held weapons.
Your first few attacks do less damage.
You cannot equip rings or amulets.
You are partially covered in iridescent scales. (AC +2)
Your skin changes colour to match your surroundings (Stealth+).
You possess an exceptional clarity of mind.
Your mind is acute. (Int +4, Str/Dex -1)
Armour fits poorly on your strangely shaped body.
Your natural rate of healing is unusually fast.
You are covered in fur. (AC +1)


Message History

The rupture engulfs the white ugly thing!!
The white ugly thing is moderately wounded.
Aiming: Warp Space
Press: ? - help, Shift-Dir - straight line, f/p - white ugly thing
Aim: a white ugly thing (moderately wounded, very poisoned, ally target, chance to blink: 64%) Space twists violently!
The rupture engulfs the white ugly thing!
The white ugly thing is heavily wounded.
You hear a shout!
You hear an angry hiss. x2
You slash the white ugly thing with your +2 hand axe of chaos!
The white ugly thing looks as sick as possible!
The white ugly thing is heavily wounded.
You closely miss the white ugly thing with your staff of fire.
The white ugly thing headbutts you but does no damage. "Let's see if it's strong enough to survive yet."
You regained 2 hp, and now have 21/69 hp.
You swap places.
The bullfrog barely misses you.
The water moccasin bites you but does no damage.
The white ugly thing misses your butterfly.
You slash the water moccasin with your +2 hand axe of chaos!
The water moccasin is moderately wounded.
You slash the bullfrog with your +2 hand axe of chaos!
The bullfrog is poisoned.
You miss the water moccasin with your staff of fire.
The bullfrog misses you.
The water moccasin bites you but does no damage.
The bullfrog hits you.
The water moccasin bites you but does no damage.
You take 1 damage, and have 21/69 hp.
You barely miss the water moccasin with your +2 hand axe of chaos.
The water moccasin is moderately wounded.
You barely miss the white ugly thing with your +2 hand axe of chaos.
You barely miss the bullfrog with your +2 hand axe of chaos.
You miss the water moccasin with your staff of fire.
The bullfrog hits you but does no damage.
The white ugly thing headbutts you!
* * * LOW HITPOINT WARNING * * *
The white ugly thing freezes you!!
You die...
Xom snickers!

#.#.# #..###)###. #.#.#
#....#.#... #.#.#
#....###..# #.#.#
##.........
#.#.#####.#.##.###
#b#.##...........#
##.#.........>....#
#bFu.##.####.####.#
#.@###### #.# #.# +. #.S#
##.# #.# #..#..# #..####..
#..#..# #.......# #
###..#..# #.#####..
#......#..# #.# #..
#......#..# #.#####..
#..#####..#####..#........
#......#..#......#.......#


You could see a white ugly thing (very poisoned, ally target), a water moccasin
(summoned) and a bullfrog (summoned, very poisoned).

Vanquished Creatures
  2 ice beasts
  An orc warrior (D:7)
  3 sky beasts
  A swamp drake (D:3)
  2 ogres
  A centaur (D:5)
  A phantom (D:6)
  2 bullfrogs (D:7)
  4 scorpions
  3 howler monkeys
  A bombardier beetle (D:5)
  5 hounds
  Crazy Yiuf (D:3)
  2 orc priests (D:7)
  3 iguanas
  8 orc wizards
  4 gnolls (D:4)
  9 adders
  A shadow imp (D:7)
  2 ufetubi (D:7)
  5 dart slugs
  3 ribbon worms
  16 orcs
  9 endoplasms
  3 giant cockroaches
  5 goblins
  2 hobgoblins
  3 jackals (D:1)
  10 kobolds
  3 quokkas
  6 ball pythons
  4 bats (D:2)
  4 frilled lizards
  5 rats
134 creatures vanquished.

Vanquished Creatures (collateral kills)
  An ice beast (D:5)
  An orc wizard (D:6)
  4 orcs
  A rat (D:1)
7 creatures vanquished.

Vanquished Creatures (others)
  An orc wizard (D:4)
1 creature vanquished.

Grand Total: 142 creatures vanquished

Notes
Turn   | Place    | Note
-------+----------+-------------------------------------------
     0 | D:1      | ezpacito the Coglin Chaos Knight began the quest for the
                  | Orb.
     0 | D:1      | Reached XP level 1. HP: 18/18 MP: 1/1
    35 | D:1      | XOM: silly message
    99 | D:1      | Reached skill level 1 in Dodging
   157 | D:1      | Reached XP level 2. HP: 15/24 MP: 2/2
   276 | D:1      | XOM: give mutations
   276 | D:1      | Gained mutation: You are partially covered in iridescent
                  | scales. (AC +2) [Xom's mischief]
   276 | D:1      | Gained mutation: Your natural rate of healing is unusually
                  | fast. [Xom's mischief]
   347 | D:1      | Reached XP level 3. HP: 29/29 MP: 3/3
   509 | D:1      | XOM: cloud trail
   735 | D:1      | XOM: stat loss: -1 Int (10/11)
   950 | D:2      | Reached XP level 4. HP: 35/35 MP: 4/4
  1022 | D:2      | XOM: scenery: 1 doors close
  1119 | D:3      | XOM: cast spell 'Olgreb's Toxic Radiance'
  1129 | D:3      | a hobgoblin changed into a swamp drake
  1129 | D:3      | Noticed a swamp drake
  1129 | D:3      | XOM: polymorph hobgoblin -> swamp drake
  1131 | D:3      | XOM: potion effect (heal wounds)
  1139 | D:3      | Killed a swamp drake
  1140 | D:3      | Reached skill level 1 in Polearms
  1140 | D:3      | Reached skill level 1 in Stealth
  1140 | D:3      | Reached skill level 1 in Evocations
  1140 | D:3      | Reached XP level 5. HP: 37/42 MP: 4/6
  1231 | D:3      | Found an ancient bone altar of Kikubaaqudgha.
  1386 | D:3      | XOM: torment (22/42 hp)
  1747 | D:3      | Found a runed translucent door.
  1748 | D:3      | Noticed Crazy Yiuf
  1756 | D:3      | XOM: summons 3 hostile demons
  1757 | D:3      | Noticed an ice devil
  1851 | D:3      | Killed Crazy Yiuf
  1852 | D:3      | Reached skill level 1 in Spellcasting
  1852 | D:3      | Reached XP level 6. HP: 24/48 MP: 7/7
  2011 | D:4      | Noticed a sky beast
  2014 | D:4      | XOM: noise
  2032 | D:4      | Killed a sky beast
  2127 | D:4      | XOM: blink monster(s)
  2145 | D:4      | Reached XP level 7. HP: 54/54 MP: 8/8
  2414 | D:4      | XOM: 4-stop teleportation journey
  2496 | D:4      | XOM: give mutations
  2496 | D:4      | Gained mutation: Armour fits poorly on your strangely
                  | shaped body. [Xom's mischief]
  2496 | D:4      | Gained mutation: You have hidden genetic potential. [Xom's
                  | mischief]
  3004 | D:5      | Entered Level 5 of the Dungeon
  3051 | D:5      | Found a staircase to the Ecumenical Temple.
  3074 | Temple   | Entered the Ecumenical Temple
  3109 | D:5      | XOM: 1-stop teleportation journey
  3131 | D:5      | XOM: confuse monster(s)
  3400 | D:5      | Reached XP level 8. HP: 61/61 MP: 10/10
  3405 | D:5      | Gained mutation: You possess an exceptional clarity of
                  | mind. [hidden potential]
  3472 | D:5      | XOM: destruction
  3509 | D:5      | Reached skill level 5 in Fighting
  3556 | D:5      | Found a sparkling altar of Nemelex Xobeh.
  3558 | D:5      | Found a blossoming altar of Fedhas.
  3582 | D:5      | XOM: give mutations
  3582 | D:5      | Gained mutation: Your mind is acute. (Int +4, Str/Dex -1)
                  | [Xom's grace]
  3582 | D:5      | Gained mutation: You are covered in fur. (AC +1) [Xom's
                  | grace]
  3763 | D:6      | XOM: summons 5 hostile demons
  3887 | D:6      | Found a sacrificial altar of Ru.
  3940 | D:6      | XOM: 3-stop teleportation journey
  4040 | D:6      | Reached skill level 5 in Axes
  4143 | D:6      | XOM: summons 8 friendly demons
  4304 | D:6      | Found a hazy altar of Hepliaklqana.
  4304 | D:6      | Found a broken altar of Ashenzari.
  4458 | D:7      | XOM: cleaving
  4495 | D:7      | XOM: divination: magic mapping
  4546 | D:7      | XOM: 2-stop teleportation journey
  4560 | D:7      | Learned a level 2 spell: Mercury Vapours
  4564 | D:7      | Learned a level 3 spell: Mephitic Cloud
  4570 | D:7      | Learned a level 5 spell: Freezing Cloud
  4581 | D:7      | XOM: smoke on damage
  4589 | D:7      | Reached XP level 9. HP: 28/68 MP: 12/12
  4615 | D:7      | Gained mutation: Your skin changes colour to match your
                  | surroundings (Stealth+). [hidden potential]
  4615 | D:7      | Lost mutation: You have hidden genetic potential. [hidden
                  | potential expressed]
  4819 | D:7      | XOM: cleaving
  4821 | D:7      | XOM: blink monster(s)
  4854 | D:7      | Reached skill level 1 in Conjurations
  4875 | D:7      | Reached skill level 1 in Air Magic
  4875 | D:7      | Reached skill level 1 in Alchemy
  5214 | D:7      | Noticed a white ugly thing
  5218 | D:7      | XOM: butterfly on damage
  5224 | D:7      | XOM: summons 2 hostile shadow creatures
  5227 | D:7      | Demolished by a white ugly thing

Illustrated notes

Levels and vault maps discovered:
D:1:      lemuel_arrival_cross, layout_basic, ebering_dispersal_statue_hall,
          nicolae_concentric_dashed_squares_wild
D:2:      layout_basic, serial_glass, glass_columns_a, glass_columns_b
D:3:      layout_loops_ring, mainiacjoe_overflow_24_doors,
          uniq_crazy_yiuf_cottage
D:4:      layout_basic
D:5:      layout_gridville, minitemple, minmay_temple_entry_statues_fountains
D:6:      layout_basic, gammafunk_temple_overflow_elements,
          overflow_temple_1_default
D:7:      kennysheep_windowed_halls, layout_loops_ring,
          minmay_a_box_with_orc_wizards_in_it
Temple:   dshaligram_water_room_temple

Skill      XL: |  1  2  3  4  5  6  7  8  9 |
---------------+----------------------------+-----
Dodging        | 1 2 3 4 |  4.4
Armour         | 2 3 4 |  4.6
Polearms       | 1 2 3 |  3.1
Stealth        | 1 2 3 |  3.0
Evocations     | 1 2 3 4 |  4.2
Spellcasting   | 1 2 |  2.5
Fighting       | 4 5 |  5.7
Axes           | 4 5 |  5.6
Conjurations   | 1 |  1.1
Air Magic      | 1 |  1.0
Alchemy        | 1 |  1.1
Fire Magic     | |  0.8

Action                     |  1- 3 |  4- 6 |  7- 9 || total
---------------------------+-------+-------+-------++-------
  Melee: Hand axe          |    73 |    95 |   241 ||   409
         Dagger            |    75 |    89 |   138 ||   302
         Spear             |       |       |    15 ||    15
         Staff             |       |       |    77 ||    77
  Evoke: Wand              |       |     1 |     2 ||     3
    Use: Potion            |       |     2 |     6 ||     8
         Scroll            |       |     5 |     9 ||    14
   Stab: Paralysed         |     3 |       |     4 ||     7
         Sleeping          |       |     1 |       ||     1
         Held in net/web   |       |     1 |     1 ||     2
         Confused          |       |       |     7 ||     7
         Petrifying        |       |       |     1 ||     1
 Armour: Leather armour    |    41 |    25 |       ||    66
         Chain mail        |       |    56 |   305 ||   361
  Dodge: Dodged            |    49 |    49 |   117 ||   215

Table legend: (Time is in decaauts)
 A = Elapsed time spent in this place.
 B = Non-inter-level travel time spent in this place.
 C = Inter-level travel time spent in this place.
 D = Time resting spent in this place.
 E = Time spent auto-exploring this place.
 F = Levels seen in this place.
 G = Mean time per level.
                   A        B        C        D        E       F      G
               +--------+--------+--------+--------+--------+-----+--------+
         Total |   5247 |   4881 |    366 |    171 |   3629 |   8 |  655.9 |
       Dungeon |   5245 |   4880 |    365 |    171 |   3629 |   7 |  749.3 |
        Temple |      1 |      1 |      0 |      0 |      0 |   1 |    1.0 |
               +--------+--------+--------+--------+--------+-----+--------+

Top non-repeatable levels by time:
     D:4: 1133 daAuts
     D:7: 833 daAuts
     D:3: 809 daAuts
     D:1: 787 daAuts
     D:5: 745 daAuts
     D:6: 598 daAuts
     D:2: 337 daAuts
  Temple: 1 daAuts
